 Dungeon Crawl Stone Soup version 0.17-a0-633-gcf22183 (webtiles) character file.

379 Magnus the Skirmisher (level 7, -2/55 HPs)
             Began as a Human Fighter on Apr 17, 2015.
             Slain by Duvessa
             ... wielding a +2 short sword of venom
              (8 damage)
             ... on level 4 of the Dungeon.
             The game lasted 00:11:18 (4113 turns).

Magnus the Skirmisher (Human Fighter)               Turns: 4113, Time: 00:11:18

Health: -2/55      AC: 10    Str: 24    XL:     7   Next: 4%
Magic:  7/7        EV:  7    Int:  8    God:
Gold:   173        SH: 10    Dex: 12    Spells: 0 memorised, 6 levels left

rFire  . . .     SeeInvis .     a - +1 long sword
rCold  . . .     Clarity  .     b - +1 scale mail
rNeg   . . .     SustAb   .     c - +0 shield
rPois  .         Gourm    .     (no helmet)
rElec  .         Spirit   .     (no cloak)
rCorr  .         Warding  .     (no gloves)
rMut   .         Stasis   .     (no boots)
MR     .....                    (no amulet)
Stlth  ..........               (no ring)
                                n - +2 ring of protection

@: mighty, lethally poisoned (-2 -> -60), very slightly contaminated, hasted,
very quick, not resistant to hostile enchantments, extremely unstealthy
A: no striking features
a: no special abilities


You were on level 4 of the Dungeon.
You were hungry.

You visited 1 branch of the dungeon, and saw 4 of its levels.

You collected 173 gold pieces.

Inventory:

Hand weapons
 a - a +1 long sword (weapon)
Armour
 b - a +1 scale mail (worn)
 c - a +0 shield (worn)
Jewellery
 k - an uncursed ring of positive energy {unknown}
 n - a +2 ring of protection (left hand)
Magical devices
 s - a wand of slowing (18)
Scrolls
 f - 3 scrolls of identify
 g - 3 scrolls of remove curse
 i - a scroll of enchant armour
 l - a scroll of teleportation
Potions
 h - a potion of agility
 j - 3 potions of heal wounds {unknown}
 m - a potion of brilliance {unknown}
 q - 2 potions of curing {unknown}
 r - a potion of berserk rage {unknown}
Comestibles
 d - 5 bread rations
 o - a meat ration


   Skills:
 + Level 4.6 Fighting
 + Level 3.9 Long Blades
 + Level 4.4 Armour
 + Level 4.1 Shields


You had 6 spell levels left.
You didn't know any spells.

Dungeon Overview and Level Annotations

Branches:
Dungeon (4/15)
 Temple: D:4-7

Altars:
Gozag

Shops:
D:4 }

Annotations:
D:4 Duvessa


Message History

The rat bites you but does no damage.
Drink which item? (? for menu, Esc to quit)
You feel very mighty all of a sudden.
* * * LOW HITPOINT WARNING * * *
You feel sick. Duvessa hits you but does no damage.
You are more poisoned.
You slice the giant gecko skeleton!!
You destroy the giant gecko skeleton!
* * * LOW HITPOINT WARNING * * *
You feel very sick.
Duvessa hits you with a short sword of venom.
* * * LOW HITPOINT WARNING * * *
You are more poisoned.
The rat barely misses you.
You slash Duvessa!
Duvessa is moderately wounded.
* * * LOW HITPOINT WARNING * * *
You feel very sick.
Duvessa hits you with a short sword of venom!
You die...

.....)....#####..##♣♣♣ ♣
#
####......#####......♣.♣
# #......##.......P..♣ #
###......##.##......♣♣ #
#.........#........P♣♣ #
#................##♣♣ #
#............<...# #
................#
..........###e@#####
...###'#....r.....# ##
..........#......# #.
................# #.
................# #.
......#..........# #.
.........##......# #.
..........+......# #.
........##......# ##


You could see Duvessa (berserk) and a rat.

Vanquished Creatures
  Sigmund (D:3)
  Dowan (D:4)
  A hound (D:4)
  Jessica (D:3)
  3 adders
  A gnoll (D:1)
  An ooze (D:3)
  2 worms (D:2)
  4 orcs
  A ball python (D:3)
  5 giant cockroaches
  7 hobgoblins
  8 jackals
  3 bats (D:3)
  2 giant geckos
  A giant gecko skeleton (D:4)
  5 giant newts
  11 goblins
  8 kobolds
  7 rats
73 creatures vanquished.

Notes
Turn   | Place    | Note
--------------------------------------------------------------
     0 | D:1      | Magnus, the Human Fighter, began the quest for the Orb.
     0 | D:1      | Reached XP level 1. HP: 18/18 MP: 1/1
   156 | D:1      | Reached XP level 2. HP: 21/24 MP: 2/2
   482 | D:1      | Reached XP level 3. HP: 22/29 MP: 3/3
  1437 | D:2      | Reached XP level 4. HP: 23/36 MP: 4/4
  2842 | D:3      | Noticed Jessica
  2851 | D:3      | Killed Jessica
  2851 | D:3      | Reached XP level 5. HP: 29/42 MP: 5/5
  2857 | D:3      | Noticed Sigmund
  2868 | D:3      | Killed Sigmund
  2868 | D:3      | Reached skill level 4 in Fighting
  2868 | D:3      | Reached XP level 6. HP: 15/49 MP: 6/6
  3118 | D:3      | Found an opulent altar of Gozag.
  3652 | D:4      | Found Uhun's Gadget Boutique.
  3762 | D:4      | Noticed Dowan
  3763 | D:4      | Noticed Duvessa
  3799 | D:4      | Killed Dowan
  3799 | D:4      | Reached XP level 7. HP: 33/55 MP: 7/7
  4113 | D:4      | Slain by Duvessa

Action                   |  1- 3 |  4- 6 |  7- 9 || total
-------------------------+-------+-------+-------++-------
Melee: Long sword        |   140 |   171 |    10 ||   321
  Use: Potion            |       |     1 |     2 ||     3
       Scroll            |       |     5 |       ||     5
  Eat: Chunk             |     2 |     8 |       ||    10
